 Dungeon Crawl Stone Soup version 0.28.0-47-ge53b351184 (webtiles) character file.

Game seed: 5364817928516451612

157 101zpm the Magician (level 5, -4/37 HPs)
             Began as a Djinni Fire Elementalist on May 7, 2022.
             Slain by a lemure (7 damage)
             ... led by Pikel
             ... on level 6 of the Dungeon.
             The game lasted 00:06:48 (4705 turns).

101zpm the Magician (Djinni Fire Elementalist)      Turns: 4705, Time: 00:06:49

Health: -4/37      AC:  2    Str:  7    XL:     5   Next: 66%
Gold:   181        EV: 12    Int: 19    God:
                   SH:  0    Dex: 13

rFire   + + .      SeeInvis .   (no weapon)
rCold   x . .      Faith    .   (no shield)
rNeg    . . .      Spirit   .   a - +0 robe
rPois   ∞          Reflect  .   (no helmet)
rElec   .          Harm     .   (no cloak)
rCorr   .          Rampage  .   (no gloves)
Will    .....                   (boots unavailable)
Stlth   ++........              (no amulet)
HPRegen 0.12/turn               (no ring)
MPRegen 0.00/turn               (no ring)

@: flying
A: sickness immunity, fire resistance 2, cold vulnerability 1, float, innate
caster, HP casting, extra vitality 1
a: no special abilities


You were on level 6 of the Dungeon.
You visited 1 branch of the dungeon, and saw 5 of its levels.

You collected 181 gold pieces.

Inventory:

Armour
 a - a +0 robe (worn)
 e - a +0 buckler
 f - a +0 helmet
Jewellery
 n - a ring of resist corrosion
Scrolls
 c - 2 scrolls of amnesia {unknown}
 d - a scroll of identify {unknown}
 h - a scroll of holy word {unknown}
 i - 2 scrolls of teleportation {unknown}
 j - a scroll of blinking {unknown}
 l - a scroll of brand weapon {unknown}
 m - a scroll of vulnerability {unknown}
Potions
 b - 3 potions of mutation {unknown}
 g - a potion of might {unknown}
 k - a potion of ambrosia {unknown}


   Skills:
 + Level 1.0 Fighting
 + Level 2.4 Dodging
 + Level 2.0 Stealth
 + Level 4.2 Spellcasting


You couldn't memorise any spells.
You knew the following spells:

 Your Spells              Type           Power      Damage    Failure   Level
a - Foxfire               Conj/Fire      80%        2x1d8     2%          1
b - Scorch                Fire           40%        2d7       3%          2
c - Conjure Flame         Conj/Fire      20%        6-21      7%          3
d - Inner Flame           Hex/Fire       20%        N/A       7%          3
e - Flame Wave            Conj/Fire      20%        2d7       24%         4
f - Magic Dart            Conj           80%        1d7       2%          1
g - Passwall              Tmut/Erth      16%        N/A       3%          2
Your spell library was empty.

Dungeon Overview and Level Annotations

Branches:
Dungeon (6/15)
 Temple: D:4-7

Altars:
Cheibriados
Xom

Annotations:
D:5 Grinder, Pikel


Innate Abilities, Weirdness & Mutations

You are immune to sickness and miasma.
You are immune to poison.
Your flesh is very heat resistant. (rF++)
You are vulnerable to cold. (rC-)
You float through the air rather than walking.
You learn spells naturally, not from books.
Your magical power is your life essence.
You have superior vitality. (+4 MHP)


Message History

Casting: Foxfire (safe; 2% risk of failure)
Press: ? - help, Q - select action, (/) - cycle Dir - look around, f - activate You conjure some foxfire!
The orc shouts!
* * * LOW HITPOINT WARNING * * *
The foxfire hits the orc.
The orc is severely wounded.
A water moccasin skeleton comes into view.
Casting: Foxfire (safe; 2% risk of failure)
Press: ? - help, Q - select action, (/) - cycle Dir - look around, f - activate
Okay, then.
Found a great mace.
You see here a +0 great mace.
Pikel and 3 lemures come into view.
Pikel is wielding a +0 whip of flaming.
The lemure shouts! x2
Found a scroll labelled TOF HOEH XIQIK.
You see here a scroll labelled TOF HOEH XIQIK.
Found a stone staircase leading down.
There is a stone staircase leading down here.
The lemure hits you.
* * * LOW HITPOINT WARNING * * *
You fly downwards.
Found a scroll labelled CUYNKIGUMOL.
Found a stone staircase leading down.
There is a stone staircase leading up here.
Casting: Foxfire (safe; 2% risk of failure)
Press: ? - help, Q - select action, (/) - cycle Dir - look around, f - activate You conjure some foxfire!
* * * LOW HITPOINT WARNING * * *
The lemure barely misses you.
The foxfire hits the lemure.
The lemure is lightly wounded.
The foxfire hits the lemure.
The lemure is moderately wounded.
Found 14 stones.
Casting: Foxfire (safe; 2% risk of failure)
Press: ? - help, Q - select action, (/) - cycle Dir - look around, f - activate You conjure some foxfire!
* * * LOW HITPOINT WARNING * * *
The lemure hits you!
You die...

#########
#.......#
####.......#
.....?v....#
.......@...#
.......5v..#
....>......#######
..........<.......
...........#######
....######## (...
...


You could see a lemure (ally target).

Vanquished Creatures
  An orc priest (D:5)
  4 gnolls (D:2)
  An adder (D:2)
  3 worms
  A dart slug (D:3)
  2 orcs (D:5)
  9 endoplasms
  2 giant cockroaches (D:2)
  4 goblins
  5 hobgoblins (D:1)
  2 jackals (D:2)
  4 kobolds
  3 quokkas
  8 ball pythons
  10 bats
  6 frilled lizards
  3 rats
68 creatures vanquished.

Vanquished Creatures (others)
  356 foxfires
356 creatures vanquished.

Grand Total: 424 creatures vanquished

Notes
Turn   | Place    | Note
-------+----------+-------------------------------------------
     0 | D:1      | 101zpm the Djinni Fire Elementalist began the quest for the
                  | Orb.
     0 | D:1      | Reached XP level 1. HP: 15/15 MP: 0/0
   367 | D:1      | Reached XP level 2. HP: 7/21 MP: 0/0
  1196 | D:1      | Reached skill level 3 in Spellcasting
  1267 | D:1      | Reached XP level 3. HP: 22/25 MP: 0/0
  1267 | D:1      | Learned a level 1 spell: Magic Dart
  2342 | D:2      | Reached XP level 4. HP: 24/31 MP: 0/0
  2802 | D:2      | Reached XP level 5. HP: 12/36 MP: 0/0
  2802 | D:2      | Learned a level 2 spell: Passwall
  3976 | D:3      | Found a snail-covered altar of Cheibriados.
  3996 | D:3      | Found a shimmering altar of Xom.
  4159 | D:3      | Reached skill level 1 in Fighting
  4318 | D:3      | Reached skill level 4 in Spellcasting
  4593 | D:3      | You are sucked into a shaft and drop 2 floors!
  4593 | D:5      | Entered Level 5 of the Dungeon
  4597 | D:5      | Noticed Grinder
  4651 | D:5      | Noticed Pikel
  4651 | D:5      | Noticed a lemure
  4651 | D:5      | Noticed a lemure
  4651 | D:5      | Noticed a lemure
  4705 | D:6      | Slain by a lemure

Illustrated notes

Levels and vault maps discovered:
D:1:      dpeg_arrival_triangle_fractal, layout_basic, minmay_pentomino_z4
D:2:      layout_loops_ring
D:3:      layout_loops_cross, minitemple, amcnicky_altar_gilded,
          shapermc_ecumenical_altar_hornbeckon
D:5:      layout_loops_ring, evilmike_ruin_ashenzari, uniq_pikel, uniq_grinder,
          uniq_crazy_yiuf_cottage
D:6:      minmay_clustersquares, layout_basic, uniq_sigmund

Skill      XL: |  1  2  3  4  5 |
---------------+----------------+-----
Spellcasting   | 3 4 |  4.2
Stealth        | 2 |  2.0
Fighting       | 1 |  1.0
Dodging        | |  2.4

Action                   |  1- 3 |  4- 6 || total
-------------------------+-------+-------++-------
 Cast: Foxfire           |   110 |   121 ||   231
       Scorch            |     9 |     8 ||    17
       Inner Flame       |       |     7 ||     7
Armor: Robe              |       |     1 ||     1
Dodge: Dodged            |     1 |     2 ||     3
